 Dungeon Crawl Stone Soup version 0.22-a0-377-g846bec1 (webtiles) character file.

15259 galech the Protected (level 12, -1/100 HPs)
             Began as a Gnoll Wanderer on Apr 27, 2018.
             Was a High Priest of Okawaru.
             Slain by a troll (6 damage)
             ... led by an orc knight
             ... on level 1 of the Orcish Mines.
             The game lasted 00:34:02 (12396 turns).

galech the Protected (Gnoll Wanderer)              Turns: 12396, Time: 00:34:03

Health: -1/100     AC: 14    Str: 16      XL:     12   Next: 25%
Magic:  18/22      EV: 16    Int: 14      God:    Okawaru [*****.]
Gold:   591        SH:  0    Dex: 18 (19) Spells: 20/25 levels left

rFire    + + .     SeeInvis .   t - +7 Screaming Sword
rCold    + . .     Gourm    .   (no shield)
rNeg     . . .     Faith    +   T - +1 ring mail {rF+}
rPois    .         Spirit   .   F - +0 helmet
rElec    .         Reflect  .   (no cloak)
rCorr    .         Harm     .   L - +0 pair of gloves
MR       .....                  i - +0 pair of boots
Stlth    +++.......             s - amulet of faith
HPRegen  0.26/turn              n - ring of protection from cold
MPRegen  0.18/turn              y - ring of protection from fire

@: no status effects
A: distributed training, fangs 1, yellow scales 1, robust 1, strong nose
a: Heroism, Finesse, Renounce Religion


You were on level 1 of the Orcish Mines.
You worshipped Okawaru.
Okawaru was extremely pleased with you.
You were not hungry.

You visited 3 branches of the dungeon, and saw 13 of its levels.

You collected 591 gold pieces.

Inventory:

Hand Weapons
 a - a +3 hand crossbow of velocity
 t - the +7 Screaming Sword (weapon)
   (You found it on level 5 of the Dungeon)
 B - a +1 spear of flaming
 E - a +5 fustibalus of flaming
 Q - a +2 great sword of slicing
Missiles
 b - 41 bolts
Armour
 i - a +0 pair of boots (worn)
 u - a +0 plate armour
 F - a +0 helmet (worn)
 L - a +0 pair of gloves (worn)
 O - a +1 ring mail of magic resistance
 T - a +1 ring mail of fire resistance (worn)
Jewellery
 g - an uncursed amulet of the acrobat {unknown}
 n - a ring of protection from cold (left hand)
 s - an amulet of faith (around neck)
 x - an uncursed amulet of regeneration {unknown}
 y - a ring of protection from fire (right hand)
Wands
 z - a wand of random effects (32)
 H - a wand of paralysis (7)
 I - a wand of flame (20)
 M - a wand of polymorph (5)
 P - a wand of disintegration (17)
Scrolls
 e - a scroll of brand weapon
 h - 3 scrolls of enchant armour
 l - a scroll of random uselessness
 o - 3 scrolls of identify
 p - 2 scrolls of teleportation
 q - 2 scrolls of blinking
 r - 13 scrolls of remove curse
 v - 2 scrolls of amnesia
 w - 3 scrolls of immolation
 J - a scroll of magic mapping
 K - a scroll of silence
Potions
 c - a potion of lignification
 d - a potion of flight
 j - 2 potions of resistance
 k - 2 potions of might {unknown}
 m - a potion of curing
 A - 2 potions of berserk rage {unknown}
 C - a potion of heal wounds {unknown}
 D - a potion of magic
 G - a potion of cancellation
 N - 2 potions of mutation
 R - 2 potions of brilliance {unknown}
Comestibles
 f - 25 rations
 S - 9 chunks of flesh


   Skills:
 + Level 7.5 Fighting
 + Level 7.0 Short Blades
 + Level 7.0 Long Blades
 + Level 7.0 Axes
 + Level 7.0 Maces & Flails
 + Level 7.0 Polearms
 + Level 7.0 Staves
 + Level 7.0 Slings
 + Level 7.0 Bows
 + Level 9.6 Crossbows
 + Level 8.4 Throwing
 + Level 10.9 Armour
 + Level 7.0 Dodging
 + Level 7.0 Stealth
 + Level 7.0 Shields
 + Level 7.0 Unarmed Combat
 + Level 7.0 Spellcasting
 + Level 5.8 Conjurations
 + Level 5.8 Hexes
 + Level 5.8 Charms
 + Level 5.8 Summonings
 + Level 5.8 Necromancy
 + Level 5.8 Translocations
 + Level 5.8 Transmutations
 + Level 5.8 Fire Magic
 + Level 5.8 Ice Magic
 + Level 5.8 Air Magic
 + Level 5.8 Earth Magic
 + Level 5.8 Poison Magic
 + Level 7.6 Invocations
 + Level 7.0 Evocations


You had 20 spell levels left.
You knew the following spells:

 Your Spells              Type           Power        Failure   Level  Hunger
a - Animate Skeleton      Necr           N/A          2%          1    None
b - Summon Lightning Spi  Summ/Air       ###.....     22%         4    ####...


Dungeon Overview and Level Annotations

Branches:
Dungeon (10/15)            Temple (0/1) D:7            Lair (2/6) D:9
    Orc (1/2) D:9
  Swamp: Lair:2-4    Shoals: Lair:2-4     Snake: Lair:2-4    Spider: Lair:2-4

Altars:
Cheibriados
Dithmenos
Elyvilon
Makhleb
Nemelex Xobeh
Okawaru
Qazlal
Ru
Trog
Vehumet
Xom
Zin
The Shining One

Shops:
D:4 *   D:7 :


Innate Abilities, Weirdness & Mutations

Your experience applies equally to all skills.
You have very sharp teeth.
Your uncanny sense of smell can sniff out nearby items.
You are partially covered in yellow scales. (AC +2)
You are robust. (+10% HP)


Message History

The orcs go into a battle-frenzy!
The troll bites you. The troll claws you but does no damage.
The troll claws you. The orc misses you.
You slash the orc knight!
You bite the orc knight, but do no damage.
The orc knight is moderately wounded.
The orc knight hits you with a halberd of protection!
The troll bites you but does no damage. The troll claws you but does no damage.
The troll claws you.
Your lightning spire shoots out a bolt of lightning at the orc knight!
The bolt of electricity hits the orc knight.
The bolt of electricity hits the orc.
The orc dies!
The orc warrior hits you from afar with a glaive!!!
* * * LOW HITPOINT WARNING * * *
The orc completely misses you. The orc wizard misses you.
The orc knight hits you with a halberd of protection!
* * * LOW HITPOINT WARNING * * *
The troll barely misses you. The troll claws you.
You die...

#..........
..........##
#..$....##.##
##$......#...# ..(
#(....$.....#####
....
#...........##.##.#(.
##....[...........(#
##.(8.o).........#.#
#...[@To.........(.##
##...oo.[.......(...#
#.....o.......$.$.##
#..............#.##
#.....#.........##
#............#...#
##....##.#.........
#....####..........
##.... #.......#.##


You could see an orc knight, a troll, an orc warrior, an orc wizard, 2 orcs and
a friendly lightning spire.

Vanquished Creatures
  The ghost of Curus the Warrior, a journeyman MiBe of Trog (Orc:1)
  A two-headed ogre (D:8)
  Pikel (D:6)
  The ghost of Kairos the Cleaver, a novice VSFi of Okawaru (D:8)
  An orc sorcerer (Orc:1)
  A torpor snail (Lair:1)
  A spiny frog (Lair:1)
  A gargoyle (D:10)
  2 komodo dragons
  2 trolls (D:9)
  A hippogriff (D:9)
  Eustachio (D:6)
  16 yaks
  A human (D:7)
  Grum (D:8)
  3 hogs (D:7)
  2 hungry ghosts
  Menkaure (D:6)
  2 water moccasins (Lair:1)
  A porcupine (Lair:1)
  10 orc warriors
  2 sky beasts (D:10)
  2 ice beasts
  2 phantoms
  6 ogres
  A slave (D:6)
  4 wolves (D:8)
  3 centaurs
  3 crocodiles (Lair:1)
  A big kobold (D:10)
  8 bullfrogs
  10 scorpions
  10 killer bees
  2 howler monkeys (D:7)
  7 crimson imps
  3 quasits (D:8)
  2 centaur skeletons
  12 orc wizards
  11 orc priests
  2 bullfrog skeletons
  4 hounds
  4 iguanas
  Jessica (D:2)
  7 worker ants
  A hound zombie (D:5)
  4 gnolls
  16 adders
  A shadow imp (D:5)
  2 adder skeletons
  A dart slug (D:1)
  A worm (D:3)
  2 leopard geckos
  47 orcs
  7 giant cockroaches
  3 goblins
  8 hobgoblins
  8 jackals
  5 quokkas
  A ball python (D:5)
  A ball python zombie (D:5)
  12 bats
  5 frilled lizards
  14 kobolds
  8 rats
305 creatures vanquished.

Vanquished Creatures (collateral kills)
  An orc (Orc:1)
1 creature vanquished.

Vanquished Creatures (others)
  2 slaves (D:6)
  2 plants
4 creatures vanquished.

Grand Total: 310 creatures vanquished

Notes
Turn   | Place    | Note
-------+----------+-------------------------------------------
     0 | D:1      | galech the Gnoll Wanderer began the quest for the Orb.
     0 | D:1      | galech set off with: a +2 hand crossbow, 27 bolts, a potion of lignification, a +0 ring mail, a ration
     0 | D:1      | Reached XP level 1. HP: 17/17 MP: 1/1
    91 | D:1      | Reached XP level 2. HP: 23/23 MP: 2/2
   366 | D:1      | Found a sparkling altar of Nemelex Xobeh.
   607 | D:2      | Noticed Jessica
   609 | D:2      | Killed Jessica
   609 | D:2      | Reached skill level 1 in Invocations
   609 | D:2      | Reached XP level 3. HP: 28/28 MP: 2/4
   745 | D:2      | Reached skill level 1 in Short Blades
   745 | D:2      | Reached skill level 1 in Long Blades
   745 | D:2      | Reached skill level 1 in Axes
   745 | D:2      | Reached skill level 1 in Maces & Flails
   745 | D:2      | Reached skill level 1 in Polearms
   745 | D:2      | Reached skill level 1 in Staves
   745 | D:2      | Reached skill level 1 in Slings
   745 | D:2      | Reached skill level 1 in Bows
   745 | D:2      | Reached skill level 1 in Dodging
   745 | D:2      | Reached skill level 1 in Stealth
   745 | D:2      | Reached skill level 1 in Shields
   745 | D:2      | Reached skill level 1 in Unarmed Combat
   745 | D:2      | Reached skill level 1 in Spellcasting
   745 | D:2      | Reached skill level 1 in Evocations
   745 | D:2      | Reached XP level 4. HP: 34/34 MP: 5/5
  1043 | D:2      | Found an iron altar of Okawaru.
  1043 | D:2      | Found a sparkling altar of Nemelex Xobeh.
  1047 | D:2      | Became a worshipper of Warmaster Okawaru
  1245 | D:1      | Reached skill level 1 in Conjurations
  1245 | D:1      | Reached skill level 1 in Hexes
  1245 | D:1      | Reached skill level 1 in Charms
  1245 | D:1      | Reached skill level 1 in Summonings
  1245 | D:1      | Reached skill level 1 in Necromancy
  1245 | D:1      | Reached skill level 1 in Translocations
  1245 | D:1      | Reached skill level 1 in Transmutations
  1245 | D:1      | Reached skill level 1 in Fire Magic
  1245 | D:1      | Reached skill level 1 in Ice Magic
  1245 | D:1      | Reached skill level 1 in Air Magic
  1245 | D:1      | Reached skill level 1 in Earth Magic
  1245 | D:1      | Reached skill level 1 in Poison Magic
  1442 | D:3      | Reached XP level 5. HP: 40/40 MP: 5/7
  1563 | D:3      | Learned a level 1 spell: Animate Skeleton
  1691 | D:3      | Reached * piety under Okawaru
  1746 | D:3      | Reached XP level 6. HP: 47/47 MP: 8/8
  1747 | D:3      | Found a radiant altar of Vehumet.
  2163 | D:4      | Found Rirch's Assorted Antiques.
  2244 | D:4      | Reached skill level 5 in Throwing
  2340 | D:4      | Reached XP level 7. HP: 40/52 MP: 10/10
  2465 | D:4      | Found a burning altar of Makhleb.
  2486 | D:4      | Found a glowing silver altar of Zin.
  2486 | D:4      | Noticed an angel
  2487 | D:4      | Noticed a blizzard demon
  2623 | D:5      | Entered Level 5 of the Dungeon
  2984 | D:5      | Reached skill level 9 in Armour
  2988 | D:5      | Reached ** piety under Okawaru
  3024 | D:5      | Reached XP level 8. HP: 59/60 MP: 12/12
  3058 | D:5      | Found the +7 Singing Sword
  3126 | D:5      | Learned a level 4 spell: Summon Lightning Spire
  3564 | D:6      | Found a sacrificial altar of Ru.
  3617 | D:6      | Noticed Eustachio
  3661 | D:6      | Killed Eustachio
  3766 | D:6      | Reached *** piety under Okawaru
  4072 | D:6      | Received a gift from Okawaru
  4197 | D:6      | Noticed Pikel
  4209 | D:6      | Killed Pikel
  4209 | D:6      | Received a gift from Okawaru
  4209 | D:6      | Reached **** piety under Okawaru
  4209 | D:6      | Reached XP level 9. HP: 51/66 MP: 14/14
  4232 | D:6      | Noticed Menkaure
  4426 | D:6      | Killed Menkaure
  4509 | D:6      | Gained mutation: You are robust. (+10% HP) [potion of mutation]
  4509 | D:6      | Gained mutation: You are partially covered in yellow scales. (AC +2) [potion of mutation]
  4608 | D:7      | Reached skill level 5 in Fighting
  4617 | D:7      | Found a shimmering altar of Xom.
  4617 | D:7      | Found a shimmering altar of Xom.
  4618 | D:7      | Found a shimmering altar of Xom.
  4619 | D:7      | Found a shimmering altar of Xom.
  4620 | D:7      | Found a shimmering altar of Xom.
  4622 | D:7      | Found a shimmering altar of Xom.
  4623 | D:7      | Found a shimmering altar of Xom.
  4625 | D:7      | Found a shimmering altar of Xom.
  4715 | D:7      | Received a gift from Okawaru
  4817 | D:7      | Reached skill level 5 in Invocations
  4891 | D:7      | Found Zotriokite's Book Emporium.
  4914 | D:7      | Reached XP level 10. HP: 81/81 MP: 17/17
  4915 | D:7      | Found a snail-covered altar of Cheibriados.
  5023 | D:7      | Found a staircase to the Ecumenical Temple.
  5697 | D:8      | Reached skill level 5 in Short Blades
  5697 | D:8      | Reached skill level 5 in Long Blades
  5697 | D:8      | Reached skill level 5 in Axes
  5697 | D:8      | Reached skill level 5 in Maces & Flails
  5697 | D:8      | Reached skill level 5 in Polearms
  5697 | D:8      | Reached skill level 5 in Staves
  5697 | D:8      | Reached skill level 5 in Slings
  5697 | D:8      | Reached skill level 5 in Bows
  5697 | D:8      | Reached skill level 5 in Dodging
  5697 | D:8      | Reached skill level 5 in Stealth
  5697 | D:8      | Reached skill level 5 in Shields
  5697 | D:8      | Reached skill level 5 in Unarmed Combat
  5697 | D:8      | Reached skill level 5 in Spellcasting
  5697 | D:8      | Reached skill level 5 in Evocations
  5698 | D:8      | Received a gift from Okawaru
  5723 | D:8      | Noticed Grum
  5732 | D:8      | Killed Grum
  5732 | D:8      | Reached ***** piety under Okawaru
  5759 | D:8      | Received a gift from Okawaru
  5759 | D:8      | Reached skill level 10 in Armour
  5771 | D:8      | Noticed a two-headed ogre
  5777 | D:8      | Killed a two-headed ogre
  6069 | D:8      | Noticed Kairos's ghost (novice VSFi)
  6077 | D:8      | Killed Kairos's ghost
  6077 | D:8      | Received a gift from Okawaru
  6595 | D:9      | Reached XP level 11. HP: 82/89 MP: 19/19
  7197 | D:9      | Found a staircase to the Orcish Mines.
  7259 | D:9      | Found a staircase to the Lair.
  7494 | D:9      | Found a white marble altar of Elyvilon.
  7494 | D:9      | Found a glowing golden altar of the Shining One.
  7494 | D:9      | Found a shimmering altar of Xom.
  7494 | D:9      | Found a stormy altar of Qazlal.
  7503 | D:9      | Found a shadowy altar of Dithmenos.
  7503 | D:9      | Found a bloodstained altar of Trog.
  7752 | Orc:1    | Entered Level 1 of the Orcish Mines
  8141 | Orc:1    | Noticed an orc sorcerer
  8146 | Orc:1    | Noticed a sun demon
  8146 | Orc:1    | Noticed Curus's ghost (journeyman MiBe)
  8469 | Lair:1   | Entered Level 1 of the Lair of Beasts
  8481 | Lair:1   | Reached skill level 5 in Conjurations
  8481 | Lair:1   | Reached skill level 5 in Hexes
  8481 | Lair:1   | Reached skill level 5 in Charms
  8481 | Lair:1   | Reached skill level 5 in Summonings
  8481 | Lair:1   | Reached skill level 5 in Necromancy
  8481 | Lair:1   | Reached skill level 5 in Translocations
  8481 | Lair:1   | Reached skill level 5 in Transmutations
  8481 | Lair:1   | Reached skill level 5 in Fire Magic
  8481 | Lair:1   | Reached skill level 5 in Ice Magic
  8481 | Lair:1   | Reached skill level 5 in Air Magic
  8481 | Lair:1   | Reached skill level 5 in Earth Magic
  8481 | Lair:1   | Reached skill level 5 in Poison Magic
  9333 | Lair:1   | Received a gift from Okawaru
  9679 | Lair:2   | Noticed a five-headed hydra
 10004 | Orc:1    | Killed an orc sorcerer
 10071 | D:10     | Entered Level 10 of the Dungeon
 10254 | D:10     | Received a gift from Okawaru
 10296 | D:10     | Received a gift from Okawaru
 10483 | D:10     | Reached XP level 12. HP: 53/100 MP: 22/22
 11619 | Orc:1    | Killed Curus's ghost
 11619 | Orc:1    | Received a gift from Okawaru
 12396 | Orc:1    | HP: 5/100 [orc knight/halberd of protection (17)]
 12396 | Orc:1    | Slain by a troll

Vault maps used:
D:1:      arrival_zaba_pyramid, minivault_4, nemelex_diamond_rough_becter
D:2:      gammafunk_temple_overflow_wave, uniq_jessica
D:3:      nicolae_overflow_crystal_walls
D:4:      grunt_temple_overflow_order_and_chaos_2, serial_shops,
          nicolae_shop_temple_entry_statues_fountains, st_stairs_8,
          minmay_misc_feat_hallway
D:5:      old_forge, first_ration, st_stairs_10
D:6:      nicolae_ru_awakened_eye, uniq_menkaure, uniq_pikel, uniq_eustachio
D:7:      old_standard_altar, temple_statues, serial_shops,
          nicolae_shop_behind_doors, grunt_livestock, xom_shifter_show
D:8:      corexii_checkpoint_a, uniq_grum
D:9:      minmay_overflow_temple_hex, david_lair_shrubbed, david_orc_4
Lair:1:   nicolae_lair_grove_arrangements
Lair:2:   infiniplex_staircase_pool_2

Skill      XL: |  1  2  3  4  5  6  7  8  9 10 11 12 |
---------------+-------------------------------------+-----
Invocations    | 1 2 3 4 5 6 7 |  7.6
Short Blades   | 1 2 3 4 5 6 7 |  7.0
Long Blades    | 1 2 3 4 5 6 7 |  7.0
Axes           | 1 2 3 4 5 6 7 |  7.0
Maces & Flails | 1 2 3 4 5 6 7 |  7.0
Polearms       | 1 2 3 4 5 6 7 |  7.0
Staves         | 1 2 3 4 5 6 7 |  7.0
Slings         | 1 2 3 4 5 6 7 |  7.0
Bows           | 1 2 3 4 5 6 7 |  7.0
Dodging        | 1 2 3 4 5 6 7 |  7.0
Stealth        | 1 2 3 4 5 6 7 |  7.0
Shields        | 1 2 3 4 5 6 7 |  7.0
Unarmed Combat | 1 2 3 4 5 6 7 |  7.0
Spellcasting   | 1 2 3 4 5 6 7 |  7.0
Evocations     | 1 2 3 4 5 6 7 |  7.0
Conjurations   | 1 2 3 4 5 |  5.8
Hexes          | 1 2 3 4 5 |  5.8
Charms         | 1 2 3 4 5 |  5.8
Summonings     | 1 2 3 4 5 |  5.8
Necromancy     | 1 2 3 4 5 |  5.8
Translocations | 1 2 3 4 5 |  5.8
Transmutations | 1 2 3 4 5 |  5.8
Fire Magic     | 1 2 3 4 5 |  5.8
Ice Magic      | 1 2 3 4 5 |  5.8
Air Magic      | 1 2 3 4 5 |  5.8
Earth Magic    | 1 2 3 4 5 |  5.8
Poison Magic   | 1 2 3 4 5 |  5.8
Fighting       | 3 4 5 6 7 |  7.5
Throwing       | 5 6 7 8 |  8.4
Crossbows      | 7 8 9 |  9.6
Armour         | 9 10 | 10.9

Action                   |  1- 3 |  4- 6 |  7- 9 | 10-12 || total
-------------------------+-------+-------+-------+-------++-------
Melee: Spear             |       |       |    42 |     9 ||    51
       Bite              |       |       |     6 |    25 ||    31
       Punch             |       |       |     2 |     6 ||     8
       Double sword      |       |       |       |   156 ||   156
 Fire: Hand crossbow     |    51 |   130 |   202 |   375 ||   758
 Cast: Animate Skeleton  |       |     3 |       |       ||     3
       Summon Lightning  |       |       |       |     1 ||     1
Invok: Heroism           |       |       |     5 |     6 ||    11
  Use: Scroll            |       |       |    13 |     7 ||    20
       Potion            |       |       |     1 |     4 ||     5
  Eat: Chunk             |       |     4 |     9 |    21 ||    34
       Ration            |       |       |       |     1 ||     1
Armor: Ring mail         |     3 |     8 |    85 |   139 ||   235
       Plate armour      |       |    16 |       |       ||    16
Dodge: Dodged            |     7 |    32 |   136 |   336 ||   511
       Rpst.: Double sword |       |       |       |    57 ||    57

Table legend:
 A = Spawn XP
 B = Non-spawn XP
 C = Spawn XP percentage of total XP
 D = Spawn monster count
 E = Non-spawn monster count
 F = Spawn count percentage of total count
 G = Total turns spent on level
                    A         B        C        D         E        F      G
               +---------+---------+-------+---------+---------+-------+---------
         Total |       0 |   21799 |   0.0 |       0 |     305 |   0.0 | 12396
               +---------+---------+-------+---------+---------+-------+---------
           D:1 |       0 |      35 |   0.0 |       0 |      13 |   0.0 |   674
           D:2 |       0 |     111 |   0.0 |       0 |      19 |   0.0 |   744
           D:3 |       0 |     200 |   0.0 |       0 |      33 |   0.0 |   745
           D:4 |       0 |     424 |   0.0 |       0 |      12 |   0.0 |   628
           D:5 |       0 |     647 |   0.0 |       0 |      27 |   0.0 |   817
           D:6 |       0 |    1523 |   0.0 |       0 |      15 |   0.0 |  1051
           D:7 |       0 |    1922 |   0.0 |       0 |      19 |   0.0 |   885
           D:8 |       0 |    3552 |   0.0 |       0 |      37 |   0.0 |   948
           D:9 |       0 |    3544 |   0.0 |       0 |      57 |   0.0 |  3101
          D:10 |       0 |    4452 |   0.0 |       0 |      45 |   0.0 |  1462
        Lair:1 |       0 |    2987 |   0.0 |       0 |      14 |   0.0 |  1234
         Orc:1 |       0 |    2402 |   0.0 |       0 |      14 |   0.0 |   105
               +---------+---------+-------+---------+---------+-------+---------
